 Dungeon Crawl Stone Soup version 0.21-a0-91-ga5031da (webtiles) character file.

62827 Ordine the Carver (level 15, 0/106 HPs)
             Began as an Octopode Fighter on June 29, 2017.
             Was the Champion of Okawaru.
             Killed from afar by a frost giant (44 damage)
             ... with a bolt of cold
             ... on level 14 of the Dungeon.
             The game lasted 01:42:19 (25556 turns).

Ordine the Carver (Octopode Fighter)               Turns: 25556, Time: 01:42:19

Health: 0/106      AC: 10    Str: 28    XL:     15   Next: 7%
Magic:  29/29      EV: 18    Int: 12    God:    Okawaru [******]
Gold:   1533       SH: 19    Dex: 15    Spells: 14/14 levels left

rFire    . . .     SeeInvis .   x - +1 scimitar (elec)
rCold    . . .     Gourm    .   Z - +2 shield {AC+3}
rNeg     + . .     Faith    .   b - +1 hat {MR+}
rPois    .         Spirit   .   X - +3 amulet of reflection
rElec    .         Reflect  +   t - +3 ring of slaying
rCorr    .         Harm     .   P - +5 ring of strength
MR       ++...                  D - +5 ring of protection
Stlth    +++.......             J - +6 ring of strength
HPRegen  0.27/turn              r - ring of stealth
MPRegen  0.21/turn              g - ring of flight
                                Y - ring of positive energy
                                v - ring of magical power

@: no status effects
A: almost no armour, stealthy swim, amphibious, 8 rings, constrict 8, camouflage
1, gelatinous body 1
a: Heroism, Finesse, Renounce Religion, Evoke Flight


You were on level 14 of the Dungeon.
You worshipped Okawaru.
Okawaru was exalted by your worship.
You were not hungry.

You visited 3 branches of the dungeon, and saw 21 of its levels.
You also visited: Labyrinth.

You collected 1990 gold pieces.
You spent 457 gold pieces at shops.

Inventory:

Hand Weapons
 a - a +0 blowgun
 x - a +1 scimitar of electrocution (weapon)
 U - a +1 long sword of flaming
Missiles
 e - 88 poisoned needles
 i - 20 tomahawks
 k - 827 stones (quivered)
 n - 11 curare-tipped needles
 s - a throwing net
 A - 5 silver javelins
 B - 3 javelins of penetration
Armour
 b - a +1 hat of magic resistance (worn)
 Z - a +2 shield of protection (worn)
Jewellery
 g - a ring of flight (on tentacle)
 r - a ring of stealth (on tentacle)
 t - a +3 ring of slaying (left tentacle)
 v - a ring of magical power (on tentacle)
 D - a +5 ring of protection (on tentacle)
 J - a +6 ring of strength (on tentacle)
 P - a +5 ring of strength (right tentacle)
 X - a +3 amulet of reflection (around mantle)
 Y - a ring of positive energy (on tentacle)
Scrolls
 d - a scroll of enchant armour
 m - 6 scrolls of remove curse
 p - a scroll of identify
 z - 5 scrolls of teleportation
 F - a scroll of fear
 R - 2 scrolls of magic mapping
 S - 2 scrolls of blinking
 T - a scroll of holy word
 V - 4 scrolls of fog
Potions
 c - 5 potions of might
 j - 3 potions of berserk rage
 l - 10 potions of curing
 q - 4 potions of agility
 w - 3 potions of ambrosia
 E - 3 potions of mutation
 I - a potion of resistance
 M - 4 potions of magic
 N - 3 potions of heal wounds
Comestibles
 f - 4 chunks of flesh
 h - 27 fruits


   Skills:
 - Level 11.0 Fighting
 - Level 14.0 Long Blades
 - Level 10.0 Throwing
 + Level 8.4 Dodging
 * Level 13.1 Shields
 + Level 7.0 Invocations
 - Level 3.8 Evocations


You had 14 spell levels left.
You didn't know any spells.

Dungeon Overview and Level Annotations

Branches:
Dungeon (14/15)            Temple (1/1) D:5            Lair (6/6) D:9
 Shoals (0/4) Lair:4       Spider (0/4) Lair:4        Slime (0/5) Lair:5
    Orc (0/2) D:10         Vaults (0/5) D:13

Altars:
Ashenzari
Cheibriados
Dithmenos
Elyvilon
Fedhas
Gozag
Hepliaklqana
Kikubaaqudgha
Makhleb
Nemelex Xobeh
Okawaru
Qazlal
Ru
Sif Muna
Trog
Uskayaw
Vehumet
Wu Jian
Xom
Yredelemnul
Zin
The Shining One
Jiyva

Shops:
D:8 }[   D:10 ??

Annotations:
Lair:4 exclusion: 4 oklob plants
Lair:5 1 runed door


Innate Abilities, Weirdness & Mutations

You cannot wear most types of armour.
You are very stealthy in the water. (Stealth+)
You are amphibious.
You can wear up to eight rings at the same time.
You can use your tentacles to constrict eight enemies at once.
Your skin changes colour to match your surroundings (Stealth+).
Your rubbery body absorbs attacks. (AC +1, EV +1)


Message History

The bolt of cold hits you!
You hit the frost giant but do no damage.
You squeeze the frost giant.
The frost giant is moderately wounded.
The frost giant hits you with a battleaxe of freezing!!
The frost giant freezes you.
Unknown command.
Unknown command.
Things that are here:
a +0 troll leather armour; a longbow; 19 arrows
Things that are here:
an uncursed arbalest; 18 bolts
There is a stone staircase leading up here.
The frost giant points at you and mumbles some strange words.
The bolt of cold misses you. The frost giant casts a spell at you.
The bolt of cold misses you.
The frost giant points at you and mumbles some strange words.
The bolt of cold hits you!
You die...

####.##..#####.#
..#...........#
#.####..#######
#####[####..#
#.......<...#
#.###.#####.#
###.###.# #.#
#.....#.# #.#
#.###.....#@#####.#
#.....<.C.........#
#.###.....#..######
#.........#
###.#####.# #..##%#
#.. #)##.#.# #.#
##[.##.## ##
#.##.#.#.# #


You could see a frost giant.

Vanquished Creatures
  A minotaur (Lab)
  Fannar (Lair:2)
  A yaktaur captain (D:14)
  A vault guard (D:13)
  3 hydras
  A merfolk avatar (Lair:6)
  4 two-headed ogres
  2 centaur warriors
  An anaconda (shapeshifter) (D:13)
  A deep troll earth mage (D:14)
  A death yak (Lair:3)
  A sea snake (Lair:6)
  2 unseen horrors
  Pikel (D:7)
  3 ugly things
  A manticore (Lair:6)
  7 black mambas
  A cyclops (D:13)
  3 centaur zombies (D:13)
  12 elephants
  Joseph (D:7)
  3 gargoyles
  3 torpor snails
  A demonic crawler (Lair:3)
  16 spiny frogs
  10 komodo dragons
  3 rime drakes
  4 hornets
  A wind drake (Lair:4)
  12 blink frogs
  4 trolls
  16 hippogriffs
  10 dream sheep
  3 polar bears (Lair:6)
  4 slime creatures
  A shadow (D:11)
  A human (D:12)
  24 yaks
  A vampire (D:12)
  3 wyverns
  3 basilisks
  3 hungry ghosts
  3 vampire mosquitoes (D:13)
  17 water moccasins
  4 porcupines
  4 black bears
  7 orc warriors
  3 ice beasts
  4 ogres
  4 slaves (D:7)
  A phantom (D:13)
  4 sky beasts
  A necrophage (D:12)
  6 centaurs
  An eye of draining (D:10)
  16 crocodiles
  18 bullfrogs
  4 big kobolds
  An earth elemental (Lab)
  A gnoll sergeant (D:13)
  A water moccasin zombie (D:10)
  A scorpion (D:4)
  53 killer bees
  A troll skeleton (Lab)
  9 wights
  2 howler monkeys
  7 electric eels (Lair:6)
  2 crimson imps
  4 bullfrog zombies
  4 jellies
  A lava snake (Lair:1)
  A quasit (D:9)
  6 hounds
  A wyvern simulacrum (D:13)
  Crazy Yiuf (D:6)
  4 centaur skeletons
  6 orc priests
  5 bullfrog skeletons
  A gnoll shaman (D:5)
  Natasha (thrice) (D:3)
  8 orc wizards
  13 worker ants
  A hound zombie (D:10)
  2 worker ant zombies
  A howler monkey skeleton (D:6)
  8 adders
  9 gnolls
  3 shadow imps
  9 oozes (D:2)
  An adder zombie (D:5)
  6 worms
  5 leopard geckos
  49 orcs
  2 ball pythons
  7 bats
  9 giant cockroaches
  4 goblins
  8 hobgoblins
  3 iguanas
  11 jackals
  30 kobolds
  7 quokkas
  11 frilled lizards
  A giant cockroach zombie (D:5)
  A quokka skeleton (D:4)
  9 rats
  A fungus (Lair:5)
  A plant (Lair:6)
607 creatures vanquished.

Vanquished Creatures (others)
  A manticore (Lair:6)
  A cyclops (D:13)
  A centaur (D:12)
  14 fungi
  33 plants
  14 toadstools
64 creatures vanquished.

Grand Total: 671 creatures vanquished

Notes
Turn   | Place    | Note
-------+----------+-------------------------------------------
     0 | D:1      | Ordine the Octopode Fighter began the quest for the Orb.
     0 | D:1      | Reached XP level 1. HP: 16/16 MP: 1/1
   176 | D:1      | Reached XP level 2. HP: 21/21 MP: 2/2
   807 | D:2      | Reached XP level 3. HP: 16/26 MP: 3/3
   989 | D:2      | Reached skill level 3 in Long Blades
  1158 | D:2      | Reached XP level 4. HP: 25/31 MP: 4/4
  1535 | D:2      | Reached XP level 5. HP: 23/37 MP: 5/5
  1546 | D:2      | Reached skill level 4 in Long Blades
  2507 | D:3      | Reached XP level 6. HP: 43/43 MP: 6/6
  2629 | D:3      | Noticed Natasha
  2635 | D:3      | Killed Natasha
  2642 | D:3      | Noticed Natasha
  2652 | D:3      | Killed Natasha
  2911 | D:3      | Noticed Natasha
  2916 | D:3      | Killed Natasha
  2916 | D:3      | Reached skill level 5 in Long Blades
  3671 | D:4      | Reached XP level 7. HP: 15/49 MP: 7/7
  3965 | D:4      | Found a shimmering altar of Xom.
  4187 | D:4      | Reached skill level 6 in Long Blades
  4634 | D:4      | Reached skill level 5 in Fighting
  4638 | D:4      | Reached skill level 5 in Shields
  5184 | D:4      | Reached XP level 8. HP: 37/55 MP: 8/8
  5429 | D:5      | Entered Level 5 of the Dungeon
  5957 | D:5      | Reached skill level 7 in Long Blades
  6114 | D:5      | Got a bloodstained mace
  6178 | D:5      | Found a staircase to the Ecumenical Temple.
  6187 | Temple   | Entered the Ecumenical Temple
  6253 | Temple   | Identified the +9 mace of Roqyrinn {pain, rN+ Dex+2 SInv} (You found it on level 5 of the Dungeon)
  6281 | Temple   | Became a worshipper of Warmaster Okawaru
  6960 | D:6      | Reached skill level 8 in Long Blades
  7032 | D:6      | Reached * piety under Okawaru
  7550 | D:6      | Found a runed door.
  7554 | D:6      | Noticed Crazy Yiuf
  7558 | D:6      | Killed Crazy Yiuf
  7640 | D:7      | Noticed a hippogriff
  7647 | D:7      | Killed a hippogriff
  7647 | D:7      | Reached XP level 9. HP: 57/62 MP: 9/9
  7669 | D:7      | Noticed a hornet
  8043 | D:7      | Noticed Joseph
  8058 | D:7      | Killed Joseph
  8058 | D:7      | Reached ** piety under Okawaru
  8058 | D:7      | Reached skill level 9 in Long Blades
  8207 | D:7      | Noticed Pikel
  8287 | D:7      | Killed a hornet
  8478 | D:7      | Killed Pikel
  8478 | D:7      | Reached *** piety under Okawaru
  8478 | D:7      | Reached skill level 10 in Long Blades
  8478 | D:7      | Reached XP level 10. HP: 71/71 MP: 10/10
  8796 | D:7      | Found a bloodstained altar of Trog.
  8817 | D:8      | Noticed a gargoyle
  8994 | D:8      | Found Muz Ydett's Antique Armour Boutique.
  9322 | D:8      | You fall through a shaft for 3 floors!
  9530 | D:10     | Entered Level 10 of the Dungeon
  9627 | D:10     | Reached skill level 11 in Long Blades
  9819 | D:9      | Reached **** piety under Okawaru
 10178 | D:8      | Found Ygal's Gadget Boutique.
 10356 | D:8      | Killed a gargoyle
 10649 | D:9      | Found a staircase to the Lair.
 10775 | D:10     | Found Xatz's Magic Scroll Shop.
 10778 | D:10     | Bought a scroll of vulnerability for 75 gold pieces
 10778 | D:10     | Bought a scroll of magic mapping for 35 gold pieces
 10778 | D:10     | Bought a scroll of blinking for 75 gold pieces
 10944 | D:10     | Reached ***** piety under Okawaru
 10947 | D:10     | Found a staircase to the Orcish Mines.
 11028 | D:10     | Reached XP level 11. HP: 50/78 MP: 11/11
 11395 | D:10     | Reached skill level 12 in Long Blades
 11678 | D:10     | Found Foutok's Magic Scroll Boutique.
 11694 | D:10     | Bought a scroll of identify for 26 gold pieces
 11694 | D:10     | Bought a scroll of identify for 26 gold pieces
 11694 | D:10     | Bought a scroll of identify for 26 gold pieces
 11694 | D:10     | Bought a scroll of enchant weapon for 97 gold pieces
 11694 | D:10     | Bought a scroll of enchant armour for 97 gold pieces
 11932 | Lair:1   | Entered Level 1 of the Lair of Beasts
 13293 | Lair:2   | Noticed Fannar
 13309 | Lair:2   | Killed Fannar
 13309 | Lair:2   | Reached ****** piety under Okawaru
 13309 | Lair:2   | Received a gift from Okawaru
 13309 | Lair:2   | Reached skill level 13 in Long Blades
 13374 | Lair:2   | Identified a scroll of acquirement
 13645 | Lair:2   | Reached skill level 10 in Shields
 13875 | Lair:3   | Reached XP level 12. HP: 82/86 MP: 12/12
 14724 | Lair:3   | Reached skill level 10 in Fighting
 14763 | Lair:4   | Found a hole to the Spider Nest.
 15172 | Lair:4   | Found a staircase to the Shoals.
 15182 | Lair:4   | Noticed a death yak
 15247 | Lair:3   | Killed a death yak
 15247 | Lair:3   | Reached skill level 14 in Long Blades
 15612 | Lair:4   | Reached skill level 1 in Throwing
 15729 | Lair:4   | Reached skill level 1 in Evocations
 16322 | Lair:4   | Noticed a five-headed hydra
 16335 | Lair:4   | Killed a one-headed hydra
 16335 | Lair:4   | Received a gift from Okawaru
 17620 | Lair:5   | Found a labyrinth entrance.
 17630 | Lab      | Entered a labyrinth
 17736 | Lab      | Reached XP level 13. HP: 86/93 MP: 15/15
 17847 | Lab      | Noticed a minotaur
 17854 | Lab      | Killed a minotaur
 17864 | Lab      | Got a scorched iron ring
 17866 | Lab      | Identified the ring "Wuifa" {*Slow +Inv rF+ MP+9} (You found it in a labyrinth)
 17875 | Lab      | Got a glittering iron ring
 17879 | Lab      | Identified the ring of Xom's Fair Game {*Tele rC- Str+5} (You found it in a labyrinth)
 17883 | Lab      | Identified Sif Muna's Compendium of Torrid Summoning
 17910 | Lair:5   | Reached skill level 5 in Throwing
 18516 | Lair:5   | Reached skill level 5 in Dodging
 18529 | Lair:5   | Found a runed door.
 18531 | Lair:5   | Noticed an azure jelly
 18532 | Lair:5   | Noticed an azure jelly
 18533 | Lair:5   | Found a viscous altar of Jiyva.
 18533 | Lair:5   | Found a staircase to the Slime Pits.
 18555 | Lair:5   | Reached skill level 1 in Invocations
 19044 | Lair:6   | Entered Level 6 of the Lair of Beasts
 19353 | Lair:6   | Received a gift from Okawaru
 19878 | Lair:6   | Reached XP level 14. HP: 80/101 MP: 16/16
 21609 | Lair:6   | Reached skill level 5 in Invocations
 22429 | Lair:1   | You fall through a shaft!
 22829 | D:11     | Received a gift from Okawaru
 23133 | D:11     | Received a gift from Okawaru
 23638 | D:12     | Received a gift from Okawaru
 23749 | D:12     | Found a glowing silver altar of Zin.
 24339 | D:13     | Reached skill level 10 in Throwing
 24659 | D:13     | Found a gate to the Vaults.
 24816 | D:13     | Received a gift from Okawaru
 25487 | D:14     | Reached XP level 15. HP: 106/106 MP: 20/20
 25540 | D:14     | Noticed a frost giant
 25556 | D:14     | Killed from afar by a frost giant

Vault maps used:
D:1:      nagdon_arrival_double_spiral, minmay_misc_feat_x, minmay_pentomino_x4
D:2:      cheibrodos_fertilizer
D:3:      uniq_natasha
D:4:      first_bread, dk_xom_monty_hall
D:5:      temple_hall, serial_glass, glass_columns_a, glass_columns_a,
          hangedman_abyss_or_decor_stabs, kennysheep_cluttered_room,
          minmay_door_square
D:6:      kennysheep_generic_room_7, uniq_crazy_yiuf_cottage
D:7:      lightli_temple_of_fire, kennysheep_generic_room_8, uniq_pikel,
          uniq_joseph
D:8:      serial_shops, nicolae_shop_competitors_out_of_business,
          nicolae_shop_trees
D:9:      grunt_lair_entry_orc_guard_hut
D:10:     minmay_bloctagon, serial_shops, shop,
          nicolae_shop_temple_entry_statues_fountains
D:12:     basic_altar, hangedman_stone_soup, st_stairs_6,
          minmay_misc_feat_alley, kennysheep_generic_room_6
D:13:     david_vaults_5, kennysheep_windowed_goal
D:14:     minmay_glassy_protrusions, minmay_misc_feat_more_columns
Temple:   dpeg_three_leaves_temple
Lair:2:   uniq_fannar
Lair:3:   minmay_holes
Lair:4:   wad_woods_minihive, elwin_shoals_entry_rocks,
          nicolae_spider_entry_non_spiders, minmay_lair_oklob_chamber,
          infiniplex_staircase_pool_2
Lair:5:   slime_altar_2, lab_entry_generic, infiniplex_staircase_pool
Lair:6:   gammafunk_lair_ancient_temple, serial_bayou, serial_bayou_pond_c,
          serial_bayou_lake_a, serial_bayou_pond_e, serial_bayou_ford_a
Lab:      nicolae_lab_dead_adventurers, labyrinth_fake_exit, nicolae_lab_stuck,
          labyrinth_glass_1, nicolae_lab_statue, lab_fountain,
          nicolae_lab_dead_end, nicolae_lab_flowing_pool,
          labyrinth_skeletal_remains, nicolae_lab_swirl, nicolae_lab_plus,
          nicolae_lab_garden, nicolae_lab_lava, nicolae_lab_diamond,
          nicolae_lab_checkerboard, nicolae_lab_grate, labyrinth_lava_lair,
          nicolae_lab_do_over

Skill      XL: |  1  2  3  4  5  6  7  8  9 10 11 12 13 14 15 |
---------------+----------------------------------------------+-----
Long Blades    | 3 4 5 6 8 10 11 13 14 | 14.0
Shields        | 4 5 6 7 8 10 11 13 | 13.1
Fighting       | 4 5 6 7 8 9 10 11 | 11.0
Throwing       | 4 8 10 | 10.0
Evocations     | 3 |  3.8
Dodging        | 4 6 8 |  8.4
Invocations    | 3 6 7 |  7.0

Action                   |  1- 3 |  4- 6 |  7- 9 | 10-12 | 13-15 || total
-------------------------+-------+-------+-------+-------+-------++-------
Melee: Long sword        |    49 |   122 |    28 |    29 |    12 ||   240
       Constrict         |    22 |    24 |    63 |   100 |    60 ||   269
       Tentacles         |    15 |    27 |    76 |   180 |   217 ||   515
       Scimitar          |       |       |   216 |   572 |   545 ||  1333
 Fire: Blowgun           |       |       |       |     4 |       ||     4
Throw: Tomahawk          |       |       |     1 |       |       ||     1
       Stone             |       |       |     2 |    20 |   245 ||   267
Invok: Finesse           |       |       |       |       |     1 ||     1
Evoke: Wand              |       |       |       |     4 |       ||     4
  Use: Scroll            |     4 |     4 |    11 |    14 |    11 ||    44
       Potion            |       |     1 |     5 |     3 |     2 ||    11
 Stab: Sleeping          |    10 |     5 |     4 |    26 |    14 ||    59
       Distracted        |       |     1 |       |       |     1 ||     2
  Eat: Chunk             |     1 |     8 |    15 |    29 |    24 ||    77
       Fruit             |       |       |       |     1 |       ||     1
Armor: Skin              |     5 |     2 |    11 |   120 |    56 ||   194
Dodge: Dodged            |    20 |    34 |    75 |   214 |   185 ||   528
Block: Shield            |    23 |    48 |    74 |   437 |   344 ||   926
       Buckler           |       |       |    13 |       |       ||    13
       Reflection        |       |       |       |     2 |    15 ||    17
       Rpst.: Long sword |     7 |     9 |     4 |     2 |       ||    22
       Scimitar          |       |       |    25 |    54 |    40 ||   119
